 Dungeon Crawl Stone Soup version 0.28-a0-845-gfc338a8e3c (webtiles) character file.

Game seed: 10089686676518956479

1040 Krehm the Chiller (level 8, -2/60 HPs)
             Began as a Merfolk Ice Elementalist on Nov 13, 2021.
             Slain by an orc (3 damage)
             ... on level 6 of the Dungeon.
             The game lasted 00:45:05 (7683 turns).

Krehm the Chiller (Merfolk Ice Elementalist)        Turns: 7683, Time: 00:45:05

Health: -2/60      AC: 13    Str:  9    XL:     8   Next: 24%
Magic:  6/14       EV: 13    Int: 16    God:
Gold:   226        SH:  4    Dex: 14    Spells: 1/15 levels left

rFire   + . .      SeeInvis .   b - +1 dagger
rCold   + . .      Faith    .   y - +0 buckler
rNeg    . . .      Spirit   .   u - +2 leather armour {rC+}
rPois   +          Reflect  .   d - +0 helmet
rElec   .          Harm     .   (no cloak)
rCorr   .          Rampage  .   (no gloves)
Will    .....                   m - +1 pair of boots
Stlth   ++........              (no amulet)
HPRegen 0.20/turn               i - ring of protection from fire
MPRegen 0.14/turn               l - ring of poison resistance

@: ice-armoured, hasted (expiring), very quick
A: (nimble swimmer 2), mertail
a: no special abilities


You were on level 6 of the Dungeon.
You visited 1 branch of the dungeon, and saw 6 of its levels.
You also visited: Sewer.

You collected 226 gold pieces.

Inventory:

Hand Weapons
 b - a +1 dagger (weapon)
Missiles
 c - 170 stones
 e - 9 poisoned darts (quivered)
Armour
 d - a +0 helmet (worn)
 m - a +1 pair of boots (worn)
 u - a +2 leather armour of cold resistance (worn)
 y - a +0 buckler (worn)
Jewellery
 i - a ring of protection from fire (left hand)
 l - a ring of poison resistance (right hand)
Wands
 q - a wand of iceblast (9)
 t - a wand of polymorph (3)
Scrolls
 f - a scroll of amnesia {unknown}
 j - 2 scrolls of teleportation
 o - a scroll of acquirement
 r - a scroll of enchant armour
 s - 2 scrolls of enchant weapon
 v - a scroll of summoning {unknown}
 w - a scroll of torment {unknown}
 x - a scroll of brand weapon {unknown}
Potions
 a - 3 potions of mutation {unknown}
 g - a potion of brilliance
 h - 3 potions of haste
 k - 3 potions of ambrosia
 n - a potion of resistance
 p - 2 potions of magic
 z - a potion of attraction {unknown}


   Skills:
 - Level 4.0 Fighting
 - Level 5.0 Dodging
 - Level 2.1 Stealth
 + Level 1.7 Shields
 - Level 4.0 Spellcasting
 - Level 7.0 Ice Magic
 - Level 4.0 Evocations


You had one spell level left.
You knew the following spells:

 Your Spells              Type           Power      Damage    Failure   Level
a - Freeze                Ice            100%       1d11      1%          1
b - Frozen Ramparts       Ice            50%        1d7       5%          3
c - Ozocubu's Armour      Ice            25%        N/A       5%          3
d - Storm Form            Tmut/Air       1%         N/A       100%        7

Your spell library contained the following spells:

 Spells                   Type           Power      Damage    Failure   Level
 Beastly Appendage        Tmut           6%         N/A       30%         1
 Pain                     Necr           12%        1d4       30%         1
 Summon Small Mammal      Summ           12%        N/A       30%         1
 Hailstorm                Conj/Ice       14%        3d5       58%         4
 Ice Form                 Ice/Tmut       14%        N/A       58%         4
 Call Canine Familiar     Summ           3%         N/A       67%         3
 Portal Projectile        Hex/Tloc       6%         N/A       67%         3
 Summon Guardian Golem    Hex/Summ       3%         N/A       67%         3
 Leda's Liquefaction      Hex/Erth       1%         N/A       97%         4
 Borgnjor's Revivificati  Necr           1%         N/A       100%        8


Dungeon Overview and Level Annotations

Branches:
Dungeon (6/15)              Sewer (visited)
 Temple: D:4-7

Altars:
Kikubaaqudgha

Shops:
D:3 (


Innate Abilities, Weirdness & Mutations

((You are quick and stealthy near water. (Stealth+, EV+, Speed+++)))
Your lower body shifts to a powerful aquatic tail in water.


Message History

You hit the phantom but do no damage.
The phantom is almost destroyed.
The orc closely misses you. The orc barely misses you.
The ice beast closely misses you. The orc hits you with a +0 flail.
* * * LOW HITPOINT WARNING * * *
Unknown command.
You hit the phantom.
The phantom is almost destroyed.
The phantom hits you but does no damage.
The orc barely misses you. You block the orc's attack.
You hit the phantom but do no damage.
The phantom is almost destroyed.
The ice beast hits you but does no damage.
You block the orc's attack.
The phantom hits you but does no damage.
You miss the phantom.
The phantom is almost destroyed.
Your extra speed is starting to run out.
The orc misses you. The orc hits you but does no damage.
The ice beast closely misses you. The orc misses you.
Casting: Ozocubu's Armour (dangerous; 5% risk of failure)
Confirm with . or Enter, or press ? or * to list all spells.
Your icy armour thickens.
The phantom closely misses you. The orc hits you with a +0 club.
* * * LOW HITPOINT WARNING * * *
The orc misses you. The ice beast closely misses you.
The orc closely misses you.
You hit the phantom but do no damage.
The phantom is almost destroyed.
You block the phantom's attack. The orc closely misses you.
The orc hits you but does no damage.
You barely miss the phantom.
The phantom is almost destroyed.
You block the ice beast's attack. The orc completely misses you.
The phantom closely misses you.
You hit the phantom.
You destroy the phantom!
The orc completely misses you. The orc hits you but does no damage.
The ice beast barely misses you. The orc hits you with a +0 flail.
You die...

. ## ... ..#
#...######.# #..###..
......o@Y#.####......##
......ooJZ...##..##....
.........#.......##..#
(<.........#.........###
......#..##..†..##......
......#...#.##).........
#.#.......#..$.....#....
#.##.............##+...!
..#.###.......#....


You could see an ice beast, a jelly, 3 orcs and a howler monkey zombie.

Vanquished Creatures
  Eustachio (D:4)
  An orc warrior (D:5)
  A black bear (D:5)
  A phantom (D:6)
  A kobold brigand (Sewer)
  A gnoll sergeant (D:5)
  A water moccasin skeleton (D:2)
  2 hounds
  A jelly (D:4)
  An orc priest (D:5)
  3 iguanas
  Natasha (thrice) (D:2)
  2 orc wizards (D:5)
  8 adders
  5 gnolls (D:5)
  An ufetubus (D:5)
  5 worms
  2 dart slugs (D:1)
  8 orcs
  5 endoplasms
  2 giant cockroaches
  A goblin (D:2)
  3 hobgoblins
  3 quokkas
  9 ball pythons
  4 bats
  2 frilled lizards (D:3)
  17 kobolds
  11 rats
105 creatures vanquished.

Notes
Turn   | Place    | Note
-------+----------+-------------------------------------------
     0 | D:1      | Krehm the Merfolk Ice Elementalist began the quest for the
                  | Orb.
     0 | D:1      | Reached XP level 1. HP: 13/13 MP: 3/3
   566 | D:1      | Reached skill level 1 in Fighting
   637 | D:1      | Reached XP level 2. HP: 22/22 MP: 3/5
  1347 | D:1      | Reached XP level 3. HP: 26/27 MP: 1/7
  1738 | D:2      | Learned a level 3 spell: Frozen Ramparts
  1936 | D:2      | Noticed Natasha
  1957 | D:2      | Killed Natasha
  1958 | D:2      | Reached XP level 4. HP: 8/33 MP: 3/8
  2182 | D:2      | Noticed Natasha
  2199 | D:2      | Killed Natasha
  2200 | D:2      | Reached skill level 5 in Ice Magic
  2636 | D:2      | Noticed Natasha
  2647 | D:2      | Killed Natasha
  2648 | D:2      | Reached XP level 5. HP: 28/41 MP: 3/9
  2747 | D:2      | Learned a level 3 spell: Ozocubu's Armour
  3049 | D:3      | Found Ehamun's Antique Weapon Emporium.
  3991 | D:4      | Noticed a phantom
  4517 | D:2      | Reached skill level 5 in Dodging
  4517 | D:2      | Reached XP level 6. HP: 16/48 MP: 10/10
  5298 | D:5      | Entered Level 5 of the Dungeon
  5299 | D:5      | Identified 2 scrolls of acquirement
  5300 | D:5      | Acquired the Catalogue of Shape Shifting and Stolen Souls
  5316 | D:5      | Found an ancient bone altar of Kikubaaqudgha.
  5346 | D:5      | Noticed Eustachio
  5469 | D:4      | Killed Eustachio
  5470 | D:4      | Reached skill level 6 in Ice Magic
  5470 | D:4      | Reached XP level 7. HP: 40/54 MP: 11/11
  5601 | D:5      | Found a glowing drain.
  5614 | Sewer    | Entered a sewer
  6104 | Sewer    | Reached skill level 7 in Ice Magic
  6569 | D:5      | Reached skill level 1 in Evocations
  6874 | D:5      | Reached XP level 8. HP: 54/60 MP: 4/14
  6882 | D:5      | Learned a level 7 spell: Storm Form
  7417 | D:5      | Reached skill level 1 in Shields
  7676 | D:6      | HP: 1/60 [orc (4)]
  7683 | D:6      | Slain by an orc

Illustrated notes

Levels and vault maps discovered:
D:1:      scummos_arrival_forest, layout_basic, serial_corexii_hall,
          chequers_hall_statues_corner_a, corexii_hall_statues_i
D:2:      layout_rooms, chequers_mini_garden, uniq_natasha
D:3:      layout_loops_ring, serial_shops, shop, solitary_fountain
D:4:      layout_loops_ring
D:5:      layout_basic, mainiacjoe_overflow_surrounded_room,
          cheibrodos_sewer_entry_drain, minmay_misc_feat_rows,
          guppyfry_early_orc_mine, uniq_eustachio
D:6:      layout_basic, uniq_sigmund

Skill      XL: |  1  2  3  4  5  6  7  8 |
---------------+-------------------------+-----
Fighting       | 1 2 3 4 |  4.0
Spellcasting   | 3 4 |  4.0
Ice Magic      | 5 6 7 |  7.0
Dodging        | 5 |  5.0
Evocations     | 2 4 |  4.0
Shields        | 1 |  1.7
Stealth        | |  2.1

Action                   |  1- 3 |  4- 6 |  7- 9 || total
-------------------------+-------+-------+-------++-------
Melee: Dagger            |    26 |    54 |    59 ||   139
       Unarmed           |       |    26 |       ||    26
Throw: Stone             |     5 |       |       ||     5
 Cast: Freeze            |    33 |    41 |    70 ||   144
       Frozen Ramparts   |       |    11 |    10 ||    21
       Ozocubu's Armour  |       |     2 |    13 ||    15
  Use: Scroll            |       |     6 |     3 ||     9
       Potion            |       |       |     2 ||     2
 Stab: Sleeping          |     1 |     2 |       ||     3
Armor: Robe              |    13 |    11 |       ||    24
       Leather armour    |       |    16 |    50 ||    66
       Skin              |       |     4 |       ||     4
Dodge: Dodged            |    33 |    74 |   109 ||   216
Block: Buckler           |       |       |    14 ||    14

Table legend: (Time is in decaauts)
 A = Elapsed time spent in this place.
 B = Non-inter-level travel time spent in this place.
 C = Inter-level travel time spent in this place.
 D = Time resting spent in this place.
 E = Time spent auto-exploring this place.
 F = Levels seen in this place.
 G = Mean time per level.
                   A        B        C        D        E       F      G
               +--------+--------+--------+--------+--------+-----+--------+
         Total |   7611 |   7173 |    438 |   2887 |   1905 |   7 | 1087.3 |
       Dungeon |   7043 |   6605 |    438 |   2645 |   1776 |   6 | 1173.8 |
         Sewer |    568 |    568 |      0 |    242 |    129 |   1 |  568.0 |
               +--------+--------+--------+--------+--------+-----+--------+

Top non-repeatable levels by time:
     D:1: 1710 daAuts
     D:2: 1577 daAuts
     D:5: 1476 daAuts
     D:4: 1116 daAuts
     D:3: 1103 daAuts
   Sewer: 568 daAuts
     D:6: 58 daAuts
